 Dungeon Crawl Stone Soup version 0.18.1-50-g88ac8fd (webtiles) character file.

266 Amnesiac the Cutter (level 6, -2/36 HPs)
             Began as a Deep Elf Fighter on Mar 2, 2018.
             Killed by nerve-wracking pain
             ... invoked by a shadow imp
              (11 damage)
             ... on level 5 of the Dungeon.
             The game lasted 00:03:03 (1516 turns).

Amnesiac the Cutter (Deep Elf Fighter)              Turns: 1516, Time: 00:03:03

Health: -2/36      AC: 12    Str: 15    XL:     6   Next: 0%
Magic:  8/8        EV:  1    Int: 13    God:
Gold:   122        SH:  9    Dex: 14    Spells: 0 memorised, 5 levels left

rFire  + . .     SeeInvis .     b - +0 rapier
rCold  + . .     Gourm    .     e - +0 plate armour
rNeg   . . .     Faith    .     c - +1 shield
rPois  +         Spirit   .     g - +0 helmet
rElec  +         Dismiss  .     (no cloak)
rCorr  +         Reflect  .     (no gloves)
SustAt .         Harm     .     (no boots)
MR     .....                    (no amulet)
Stlth  ..........               (no ring)
                                (no ring)

@: resistant, not resistant to hostile enchantments, extremely unstealthy
A: no striking features
a: no special abilities


You were on level 5 of the Dungeon.
You were very hungry.

You visited 1 branch of the dungeon, and saw 5 of its levels.

You collected 122 gold pieces.

Inventory:

Hand Weapons
 a - a +1 dagger of draining
 b - a +0 rapier (weapon)
Missiles
 j - 44 stones (quivered)
 l - 3 throwing nets
Armour
 c - a +1 shield (worn)
 e - a +0 plate armour (worn)
 g - a +0 helmet (worn)
Scrolls
 k - a scroll of identify {!r, unknown}
 m - a scroll of holy word {!r, unknown}
Potions
 d - a potion of flight {!q}
Comestibles
 f - 2 bread rations
 h - a slice of pizza


   Skills:
 - Level 2.4 Fighting
 + Level 6.3 Short Blades
 - Level 2.4 Armour
 - Level 2.4 Shields


You had 5 spell levels left.
You didn't know any spells.

Dungeon Overview and Level Annotations

Branches:
Dungeon (5/15)
 Temple: D:4-7

Altars:
Nemelex Xobeh
Ru
Zin

Shops:
D:4 *

Annotations:
D:3 Grinder
D:4 Amnesiac's ghost, weakling DEFi


Message History

You block the ice beast's attack.
Unknown command.
You hit the ice beast but do no damage. You drain the ice beast!
The ice beast is almost dead.
Unknown command.
Your shield and plate armour prevent you from hitting the ice beast.
The ice beast is almost dead.
The ice beast hits you but does no damage.
Unknown command.
You hit the ice beast but do no damage. You drain the ice beast!
You kill the ice beast!
Your Short Blades skill increases to level 6!
You have reached level 6!
Your experience leads to an increase in your attributes!
Increase (S)trength, (I)ntelligence, or (D)exterity?
You feel stronger.
f - 2 bread rations (gained 1)
There is an open door here.
m - a scroll labeled NAOMUX RUOCAJ {!r} You start resting.
You are feeling very hungry.
As you open the door, it creaks loudly!
Something shouts, "Slither away, thou rank common-kissing deadneck!"
There is an open door here.
Found 14 gold pieces.
A shadow imp comes into view.
A shadow imp is nearby!
You hit the shadow imp but do no damage.
The shadow imp gestures at you. Pain shoots through your body!
You completely miss the shadow imp. You block the shadow imp's attack.
You closely miss the shadow imp. The shadow imp gestures at you.
Pain shoots through your body!
* * * LOW HITPOINT WARNING * * *
You hit the shadow imp but do no damage.
b - a +0 rapier (weapon)
The shadow imp hits you but does no damage.
You hit the shadow imp but do no damage.
The shadow imp barely misses you.
You hit the shadow imp but do no damage.
You block the shadow imp's attack.
Drink which item? (? for menu, Esc to quit)
Really quaff
i - a ruby potion {!q}?
It was a potion of resistance {!q}.
You feel protected.
The shadow imp hits you but does no damage.
You closely miss the shadow imp.
The shadow imp hits you but does no damage.
You hit the shadow imp but do no damage.
The shadow imp hits you but does no damage.
Your shield prevents you from hitting the shadow imp.
The shadow imp gestures at you. Pain shoots through your body!
* * * LOW HITPOINT WARNING * * *
You hit the shadow imp but do no damage.
You block the shadow imp's attack.
You hit the shadow imp but do no damage.
The shadow imp hits you but does no damage.
The shadow imp lashes its tail.
There is an open door here.
The shadow imp gestures at you. Pain shoots through your body!
You die...

##..# #.###.###
#..###.......#
#..........#.# #
##'########## # #.
##...## #.#.##
##.....## #...$.
##.....<.##
##...####.........#
#.......5.@.......+
##...####.........#
##.# ##.......## #.
##.....## # ##...##
##+##


You could see a shadow imp.

Vanquished Creatures
  An ice beast (D:5)
  A jelly (D:5)
  A gnoll shaman (D:4)
  An orc wizard (D:4)
  A worker ant (D:4)
  3 gnolls (D:4)
  2 adders
  A giant gecko (D:4)
  7 orcs
  A goblin (D:2)
  2 hobgoblins
  A bat (D:3)
  2 giant newts
  2 kobolds (D:2)
26 creatures vanquished.

Notes
Turn   | Place    | Note
--------------------------------------------------------------
     0 | D:1      | Amnesiac the Deep Elf Fighter began the quest for the Orb.
     0 | D:1      | Reached XP level 1. HP: 13/13 MP: 3/3
    49 | D:2      | Found a sacrificial altar of Ru.
    66 | D:2      | Reached XP level 2. HP: 7/18 MP: 4/4
   268 | D:2      | Reached skill level 3 in Short Blades
   415 | D:3      | Noticed Grinder
   456 | D:4      | Noticed Amnesiac's ghost (weakling DEFi)
   802 | D:3      | Reached XP level 3. HP: 22/22 MP: 5/5
   809 | D:3      | Found a sparkling altar of Nemelex Xobeh.
   867 | D:4      | Reached skill level 4 in Short Blades
   885 | D:4      | Reached XP level 4. HP: 14/27 MP: 6/6
   994 | D:4      | Reached skill level 5 in Short Blades
  1299 | D:4      | Reached XP level 5. HP: 31/31 MP: 7/7
  1316 | D:4      | Found Zin's Purification Station.
  1322 | D:4      | Found a glowing silver altar of Zin.
  1334 | D:5      | Entered Level 5 of the Dungeon
  1334 | D:5      | Noticed an ice beast
  1385 | D:5      | Killed an ice beast
  1385 | D:5      | Reached skill level 6 in Short Blades
  1385 | D:5      | Reached XP level 6. HP: 16/36 MP: 8/8
  1516 | D:5      | Killed from afar by a shadow imp

Skill      XL: |  1  2  3  4  5 |
---------------+----------------+-----
Short Blades   | 3 4 5 6 |  6.3
Fighting       | |  2.4
Armour         | |  2.4
Shields        | |  2.4

Action                   |  1- 3 |  4- 6 || total
-------------------------+-------+-------++-------
Melee: Rapier            |     8 |     7 ||    15
       Dagger            |    93 |    65 ||   158
  Use: Potion            |     2 |     1 ||     3
       Scroll            |     3 |       ||     3
  Eat: Chunk             |       |     1 ||     1
Armor: Scale mail        |     6 |       ||     6
       Plate armour      |    40 |    26 ||    66
Dodge: Dodged            |    10 |     1 ||    11
Block: Shield            |    42 |    27 ||    69
